 Dungeon Crawl Stone Soup version 0.21.1-1-g345015f (webtiles) character file.

19 shakethe the Chopper (level 2, 0/23 HPs)
             Began as a Demonspawn Gladiator on Feb 26, 2018.
             Slain by an adder (3 damage)
             ... on level 2 of the Dungeon.
             The game lasted 00:00:43 (801 turns).

shakethe the Chopper (Demonspawn Gladiator)          Turns: 801, Time: 00:00:43

Health: 0/23       AC:  4    Str: 14    XL:     2   Next: 55%
Magic:  2/2        EV: 13    Int:  9    God:
Gold:   88         SH:  0    Dex: 14    Spells: 1/1 levels left

rFire    . . .     SeeInvis .   a - +0 war axe
rCold    + . .     Gourm    .   (no shield)
rNeg     . . .     Faith    +   b - +0 leather armour
rPois    .         Spirit   .   c - +0 helmet
rElec    .         Reflect  .   (no cloak)
rCorr    .         Harm     .   (no gloves)
MR       .....                  (no boots)
Stlth    +.........             l - amulet of faith {Faith, !P}
HPRegen  0.07/turn              e - ring of protection from cold {rC+, !d}
MPRegen  0.08/turn              (no ring)

@: lethally poisoned (0 -> -5)
A: talons 1
a: no special abilities


You were on level 2 of the Dungeon.
You were not hungry.

You visited 1 branch of the dungeon, and saw 2 of its levels.

You collected 88 gold pieces.

Inventory:

Hand Weapons
 a - a +0 war axe (weapon)
Missiles
 d - 3 throwing nets {=f, !d}
Armour
 b - a +0 leather armour (worn)
 c - a +0 helmet (worn)
Jewellery
 e - a ring of protection from cold (left hand) {rC+, !d}
   (You found it on level 1 of the Dungeon)
 l - an amulet of faith (around neck) {Faith, !P}
   (You found it on level 2 of the Dungeon)
Scrolls
 i - a scroll of identify {unknown}
 j - a scroll of immolation {unknown}
 k - a scroll of remove curse {unknown}
 n - a scroll of random uselessness {unknown}
Potions
 g - a potion of flight {unknown}
 h - a potion of heal wounds {unknown}
 m - a potion of curing {unknown}
Comestibles
 f - 2 rations


   Skills:
 + Level 2.4 Fighting
 + Level 3.0 Axes
 - Level 2.0 Throwing
 - Level 2.9 Dodging


You had one spell level left.
You didn't know any spells.

Dungeon Overview and Level Annotations

Branches:
Dungeon (2/15)

Altars:


Innate Abilities, Weirdness & Mutations

You have sharp toenails.


Message History

The kobold shouts!
The kobold hits you but does no damage.
You see here a puce potion.
You hit the kobold but do no damage. The kobold hits you but does no damage.
You closely miss the kobold. You claw the kobold. The kobold misses you.
You hit the kobold.
You kill the kobold!
No target in view!
No target in view!
No target in view!
No target in view!
No target in view!
No target in view!
There is a stone staircase leading up here.
l - a small sapphire amulet
There are no items here.
You feel a strange surge of divine interest.
l - an amulet of faith (around neck)
e - a ring of protection from cold (left hand)
m - a puce potion No target in view!
Things that are here:
a dagger; a stone; a kobold corpse No target in view!
No target in view!
No target in view!
No target in view!
No target in view!
n - a scroll labeled GAYZACUETO No target in view!
No target in view!
No target in view!
No target in view!
No target in view!
No target in view!
No target in view!
A giant cockroach comes into view.
You hit the giant cockroach but do no damage.
The giant cockroach misses you. The giant cockroach bites you.
An adder comes into view.
You take 1 damage, and have 21/22 hp.
You barely miss the giant cockroach.
The adder moves out of view.
The giant cockroach closely misses you.
You barely miss the giant cockroach.
You claw the giant cockroach, but do no damage.
The giant cockroach misses you.
The giant cockroach bites you but does no damage.
You closely miss the giant cockroach.
You claw the giant cockroach, but do no damage.
The giant cockroach closely misses you. The giant cockroach barely misses you.
You hit the giant cockroach but do no damage.
The giant cockroach bites you.
You closely miss the giant cockroach. The giant cockroach closely misses you.
The giant cockroach misses you.
You barely miss the giant cockroach. You claw the giant cockroach.
The giant cockroach barely misses you.
The giant cockroach bites you but does no damage.
You hit the giant cockroach but do no damage.
The giant cockroach barely misses you.
You barely miss the giant cockroach. The giant cockroach barely misses you.
The giant cockroach closely misses you.
A giant cockroach is nearby!
You hit the giant cockroach.
You kill the giant cockroach!
No target in view!
No target in view!
No target in view!
No target in view!
No target in view!
No target in view!
No target in view!
You now have 88 gold pieces (gained 16).
A worm comes into view.
You see here a giant cockroach corpse.
A worm is nearby!
Health restored: 22 You hit the worm.
You claw the worm. The worm bites you!
You take 7 damage, and have 15/22 hp.
MASSIVE DAMAGE!!
You hit the worm. You claw the worm. The worm bites you!
* * * LOW HITPOINT WARNING * * *
You take 10 damage, and have 5/22 hp.
MASSIVE DAMAGE!!
You barely miss the worm. You claw the worm.
The worm bites you but does no damage.
You hit the worm. Your kick misses the worm. You hit the worm.
You kill the worm!
Your Axes skill increases to level 3!
The adder closely misses you.
You miss the adder. You claw the adder. The adder closely misses you.
You barely miss the adder. Your kick misses the adder. The adder bites you.
* * * LOW HITPOINT WARNING * * *
You are lethally poisoned!
The adder poisons you! The adder closely misses you.
You take 2 damage, and have 3/23 hp.
You hit the adder. You claw the adder.
* * * LOW HITPOINT WARNING * * *
You feel sick. The adder completely misses you. The adder bites you.
You die...

##.#.#### .... #......#
.$..##### ##......#
#.......#.##......#####
#.......#. #...........
#!....... ######......
#....... ###......
#....#S# #.....###
#....#@## #.#####
#.......#######.#
#.......#...#.#.###
#....†..#.#.#.....#
#.........#.#.#...#
###########...#...#
#.###...# ### #...#
#...#


You could see an adder.

Vanquished Creatures
  An ooze (D:1)
  A worm (D:2)
  A giant cockroach (D:2)
  3 goblins (D:1)
  A hobgoblin (D:1)
  A bat (D:1)
  A frilled lizard (D:1)
  A kobold (D:2)
  3 rats (D:1)
13 creatures vanquished.

Notes
Turn   | Place    | Note
-------+----------+-------------------------------------------
     0 | D:1      | shakethe the Demonspawn Gladiator began the quest for the Orb.
     0 | D:1      | Reached XP level 1. HP: 16/16 MP: 1/1
   461 | D:1      | Reached skill level 2 in Throwing
   461 | D:1      | Gained mutation: You have sharp toenails. [demonic ancestry]
   461 | D:1      | Reached XP level 2. HP: 17/22 MP: 2/2
   795 | D:2      | HP: 5/22 [worm (10)]
   798 | D:2      | Reached skill level 3 in Axes
   800 | D:2      | HP: 3/23 [adder (2)]
   801 | D:2      | Slain by an adder

Skill      XL: |  1  2 |
---------------+-------+-----
Throwing       | 2 |  2.0
Axes           | 3 |  3.0
Fighting       | |  2.4
Dodging        | |  2.9

Action                   || total
-------------------------++-------
Melee: War axe           ||    52
       Kick              ||     9
Armor: Leather armour    ||    16
Dodge: Dodged            ||    44

Vault maps used:
D:1:      minmay_arrival_glassed_features, serial_forest,
          infiniplex_forest_split, infiniplex_forest_pool,
          infiniplex_forest_lined_2, infiniplex_forest_clump_curved,
          infiniplex_forest_lined_2, infiniplex_forest_lined_room_2,
          infiniplex_forest_clump_tiny, minmay_misc_feat_rows
D:2:      first_ration, minmay_goblin_kobold_house

Table legend:
 A = Turns spent in this place as a percentage of turns spent in the entire game.
 B = Non-inter-level travel turns spent in this place as a percentage of non-inter-level travel turns spent in the entire game.
 C = Inter-level travel turns spent in this place as a percentage of turns spent in this place.
 D = Turns resting spent in this place as a percentage of non-inter-level travel turns spent in this place.
 E = Turns spent auto-exploring this place as a percentage of non-inter-level travel turns spent in this place.
 F = Non-inter-level travel turns spent in this place divided by the number of levels of this place that you've seen.
                   A       B       C       D       E      F
               +-------+-------+-------+-------+-------+----------------------
         Total | 100.0 | 100.0 |   1.6 |   0.0 |  83.6 | 394.0
       Dungeon | 100.0 | 100.0 |   1.6 |   0.0 |  83.6 | 394.0
               +-------+-------+-------+-------+-------+----------------------

Table legend:
 A = Kills in this place as a percentage of kills in entire the game.
 B = Kills by you in this place as a percentage of kills by you in the entire game.
 C = Kills by friends in this place as a percentage of kills by friends in the entire game.
 D = Other kills in this place as a percentage of other kills in the entire game.
 E = Experience gained in this place as a percentage of experience gained in the entire game.
 F = Experience gained in this place divided by the number of levels of this place that you have seen.
                   A       B       C       D       E      F
               +-------+-------+-------+-------+-------+----------------------
         Total | 100.0 | 100.0 |   N/A |   N/A | 100.0 |  14.0
       Dungeon | 100.0 | 100.0 |   N/A |   N/A | 100.0 |  14.0
               +-------+-------+-------+-------+-------+----------------------
